 Dungeon Crawl Stone Soup version 0.31.0-4-g52a2dc7128 (console) character file.

Game seed: 12237536558148455834

127134 Cilian the Gelid (level 17, -5/142 HPs)
             Began as a Human Ice Elementalist on Jan 20, 2024.
             Was the Champion of Cheibriados.
             Slain by a demonic crawler (8 damage)
             ... on level 1 of the Spider Nest on Jan 23, 2024.
             The game lasted 06:08:20 (39394 turns).

Cilian the Gelid (Human Ice Elementalist)          Turns: 39394, Time: 06:08:21

Health: -5/142     AC: 16    Str: 27    XL:     17   Next: 0%
Magic:  19/25      EV: 10    Int: 42    God:    Cheibriados [******]
Gold:   1066       SH:  0    Dex: 29    Spells: 2/26 levels left

rFire   + . .        a - +6 trident (venom)
rCold   + . .        w - orb of Generosity {light, rElec rF+ rC+ Stlth+}
rNeg    . . .        e - +0 chain mail of Oblivion {Regen+ Int+3}
rPois   .            v - +2 helmet
rElec   +            o - +0 cloak
rCorr   .            I - +2 pair of gloves
SInv    .            (no boots)
Will    ++...        W - amulet of magic regeneration
Stlth   +            q - ring of Sloth {Wiz rElec Int+4}
HPRegen 1.23/turn    x - ring of willpower
MPRegen 0.59/turn

%: wizardry (x1)
@: glowing, very slow
A: explore regen
a: Renounce Religion, Bend Time, Temporal Distortion, Slouch, Step From Time


You were on level 1 of the Spider Nest.
You worshipped Cheibriados.
Cheibriados was exalted by your worship.
You visited 4 branches of the dungeon, and saw 23 of its levels.

You collected 2897 gold pieces.
You spent 1831 gold pieces at shops.

Inventory:

Hand Weapons
 a - a +6 trident of venom (weapon)
Missiles
 B - 6 throwing nets
Armour
 e - the +0 chain mail of Oblivion (worn) {Regen+ Int+3}
   (You found it on level 3 of the Lair of Beasts)

   Int+3:     It affects your intelligence (+3).
   Regen+:    It increases your rate of health regeneration.
 g - +0 acid dragon scales
 o - a +0 cloak (worn)
 t - +0 swamp dragon scales
 v - a +2 helmet (worn)
 w - the orb of Generosity (worn) {light, rElec rF+ rC+ Stlth+}
   (You bought it in a shop on level 1 of the Dungeon)

   rF+:       It protects you from fire.
   rC+:       It protects you from cold.
   rElec:     It insulates you from electricity.
   Stlth+:    It makes you more stealthy.
 I - a +2 pair of gloves (worn)
Jewellery
 i - a ring of see invisible
 k - a ring of protection from cold
 q - the ring of Sloth (left hand) {Wiz rElec Int+4}
   (You took it off a yaktaur captain on level 14 of the Dungeon)

   [ring of wizardry]

   Wiz:       It improves your spell success rate.
   Int+4:     It affects your intelligence (+4).
   rElec:     It insulates you from electricity.
 x - a ring of willpower (right hand)
 G - an amulet of the acrobat
 Q - a ring of resist corrosion
 W - an amulet of magic regeneration (around neck)
 Y - the ring of Free Expression {Ice rN+}
   (You found it on level 5 of the Lair of Beasts)

   [ring of ice]

   Ice:       It enhances your ice magic.
   rF-:       It makes you vulnerable to fire.
   rC+:       It protects you from cold.
   rN+:       It protects you from negative energy.
Wands
 f - a wand of flame (13)
 r - a wand of roots (26)
 z - a wand of paralysis (4)
 E - a wand of acid (27)
 J - a wand of digging (5)
 R - a wand of mindburst (5)
Scrolls
 c - 3 scrolls of immolation
 d - 8 scrolls of teleportation
 h - 4 scrolls of poison
 l - 3 scrolls of enchant armour
 m - 5 scrolls of fear
 n - 2 scrolls of amnesia
 u - 3 scrolls of fog
 y - 4 scrolls of enchant weapon
 D - 4 scrolls of blinking
 L - a scroll of torment
 M - a scroll of vulnerability
 P - 2 scrolls of silence
 S - a scroll of brand weapon
 U - 2 scrolls of butterflies
 X - a scroll of revelation
Potions
 b - 2 potions of magic
 j - 3 potions of resistance
 p - 2 potions of berserk rage
 s - 2 potions of mutation
 A - a potion of brilliance
 F - 2 potions of invisibility
 H - 4 potions of curing
 N - 2 potions of heal wounds
 O - a potion of might
 T - a potion of ambrosia {unknown}
 V - a potion of lignification
 Z - a potion of enlightenment {unknown}
Miscellaneous
 C - a sack of spiders
 K - a tin of tremorstones (2/2)


   Skills:
 + Level 15.6 Fighting
 - Level 11.0 Polearms
 - Level 4.0 Armour
 - Level 2.0 Dodging
 - Level 5.0 Stealth
 - Level 5.0 Spellcasting
 - Level 8.3 Conjurations
 - Level 3.0 Translocations
 - Level 16.0 Ice Magic
 - Level 8.3 Air Magic
 - Level 11.0 Invocations
 - Level 5.0 Evocations


You had 2 spell levels left.
You knew the following spells:

 Your Spells              Type           Power      Damage    Failure   Level
a - Magic Dart            Conj           100%       1d8       1%          1
b - Frozen Ramparts       Ice            100%       1d16      1%          3
c - Ozocubu's Armour      Ice            98%        N/A       1%          3
d - Freezing Cloud        Conj/Ice/Air   40%        6-21      1%          5
e - Blink                 Tloc           70%        N/A       2%          2
f - Summon Lightning Spi  Summ/Air       45%        N/A       9%          4
g - Iskenderun's Battles  Conj           69%        2d12      4%          5
h - Freeze                Ice            100%       1d10      0%          1

Your spell library contained the following spells:

 Spells                   Type           Power      Damage    Failure   Level
 Mercury Vapours          Alch/Air       90%        N/A       1%          2
 Momentum Strike          Conj/Tloc      100%       3d10      1%          2
 Searing Ray              Conj           100%       2d8       1%          2
 Static Discharge         Conj/Air       100%       3-8/arc   1%          2
 Lesser Beckoning         Tloc           70%        N/A       2%          2
 Call Imp                 Summ           20%        N/A       8%          2
 Sublimation of Blood     Necr           10%        N/A       8%          2
 Mephitic Cloud           Conj/Alch/Air  55%        N/A       1%          3
 Summon Ice Beast         Ice/Summ       67%        N/A       1%          3
 Airstrike                Air            34%        2d(5-21)  1%          4
 Dazzling Flash           Conj/Hex       90%        N/A       2%          3
 Iskenderun's Mystic Bla  Conj/Tloc      55%        2d12      4%          4
 Vhi's Electric Charge    Tloc/Air       100%       N/A       4%          4
 Fulminant Prism          Conj/Alch      22%        3d12      9%          4
 Tukima's Dance           Hex            10%        N/A       14%         3
 Silence                  Hex/Air        22%        N/A       24%         5
 Dimensional Bullseye     Hex/Tloc       11%        N/A       26%         4
 Curse of Agony           Necr           10%        N/A       75%         5
 Bombard                  Conj/Erth      22%        9d4       75%         6
 Dispersal                Tloc           17%        N/A       88%         6
 Spellforged Servitor     Conj/Summ      22%        N/A       99%         7
 Summon Hydra             Summ           5%         N/A       100%        7


Dungeon Overview and Level Annotations

Branches:
Dungeon (15/15)            Temple (0/1) D:6            Lair (5/5) D:9
 Shoals (0/4) Lair:3       Spider (1/4) Lair:2        Slime (0/5) Lair:4
    Orc (2/2) D:12            Elf (0/3) Orc:2        Vaults (0/5) D:14
 Depths (0/4) D:15

Altars:
Ashenzari
Cheibriados
Dithmenos
Fedhas
Gozag
Kikubaaqudgha
Makhleb
Nemelex Xobeh
Ru
Vehumet
Xom
Jiyva

Shops:
D:1 [   D:3 [   D:4 (   D:6 :   Orc:2 ?!?(

Annotations:
D:5 Blork the orc
D:13 1 runed translucent door, Ahonude's ghost, journeyman TrMo
D:15 3 runed translucent doors, Qishud's ghost, adept GrEE; Xiestris's ghost, journeyman DsGl; fly's ghost, journeyman KoDe
Lair:4 1 runed translucent door
Lair:5 exclusion: 3 doors
Orc:2 2 transporters, TheWayOfAllFlesh's ghost, adept HOMo


Innate Abilities, Weirdness & Mutations

You regain HP and MP as you explore.


Message History

You completely miss the demonic crawler.
The demonic crawler is moderately wounded.
The wolf spider barely misses you. The wolf spider completely misses you.
The demonic crawler is engulfed in freezing vapours.
The demonic crawler hits you but does no damage.
The demonic crawler hits you.
* * * LOW HITPOINT WARNING * * *
The demonic crawler closely misses you.
Your lightning spire shoots out a bolt of lightning at the demonic crawler!
The bolt of electricity hits the demonic crawler! x2
The bolt of electricity hits your lightning spire.
Your lightning spire completely resists.
The wolf spider barely misses you.
The wolf spider bites you but does no damage.
You puncture the demonic crawler!
The demonic crawler is severely wounded.
The demonic crawler is engulfed in freezing vapours.
The demonic crawler hits you but does no damage.
The demonic crawler hits you!
* * * LOW HITPOINT WARNING * * *
The demonic crawler hits you.
* * * LOW HITPOINT WARNING * * *
The wolf spider hits you.
* * * LOW HITPOINT WARNING * * *
The wolf spider bites you but does no damage.
You hit the demonic crawler.
The demonic crawler is severely wounded.
The demonic crawler is engulfed in freezing vapours.
The demonic crawler hits you but does no damage. x2
The demonic crawler misses you. The wolf spider barely misses you. x2
Your lightning spire shoots out a bolt of lightning at the demonic crawler!
The bolt of electricity hits the demonic crawler. x2
The bolt of electricity hits your lightning spire.
Your lightning spire completely resists.
You hit the demonic crawler but do no damage.
The demonic crawler is almost dead.
The demonic crawler is engulfed in freezing vapours.
The demonic crawler hits you but does no damage.
The demonic crawler closely misses you. The demonic crawler hits you!
You die...

##...........%.........%#...#........#
##.#.....#........................###
####....##^#..................#^##
##.#######......%.........^#### ###
#...#....##..........##..###
#.........##...............# ....
##........###.............## ....
#..........#..........#.## .....
##.#......##..........###. .....
#####....####......####...
.00..##...#...##..........#.....
#0.#00..##.##...(..............
#######.000s8..#####.................
##.[...#.000s@........%......#^....##.
##...^.^#####0................#......#
#......##.#.##...............###.......
##.....##.....##......#..%##...#
.......
#......#.........%%.%##...#...##
.......
#......##..........%##....#....# ......
#.......#........%%##....##....#
##......###........#....##......
####................##..##.......#
##..####..............## #.....###
##........^.............#####.....
#.........................#
##........................#
##......................##


You could see a demonic crawler (ally target), a wolf spider and a friendly
lightning spire (summoned).

Vanquished Creatures
  A storm dragon (D:15)
  Kirke (Lair:3)
  A tengu reaver (D:14)
  A dire elephant (Lair:5)
  Snorg (D:11)
  A spark wasp (Spider:1)
  An ettin (D:14)
  2 yaktaur captains (D:14)
  Josephine (Orc:2)
  8 hydras
  2 ogre magi (D:15)
  Erica (Lair:2)
  6 two-headed ogres
  7 centaur warriors
  A death knight (D:14)
  A catoblepas (D:14)
  3 boulder beetles
  A demonic crawler (Spider:1)
  14 death yaks
  Urug (D:11)
  3 tengu warriors
  A deep elf knight (D:14)
  5 skeletal warriors (D:14)
  A skyshark (D:9)
  An orb spider (Lair:2)
  A flayed ghost (D:14)
  An arcanist (D:15)
  5 deep elf zephyrmancers (Orc:1)
  An orc sorcerer (Orc:1)
  A phantasmal warrior (D:14)
  6 deep elf pyromancers
  15 ugly things
  3 orc knights
  3 wolf spiders (Spider:1)
  2 manticores
  A meliai (D:14)
  Maurice (D:8)
  5 cyclopes
  17 elephants
  3 moths of wrath (Spider:1)
  5 kobold blastminers (Orc:2)
  A molten gargoyle (Lair:4)
  5 black mambas
  2 gargoyles (D:12)
  Maggie (D:8)
  10 cane toads
  An unseen horror (D:12)
  An efreet (D:13)
  A freezing wraith (D:15)
  5 rime drakes
  3 tengu conjurers
  16 komodo dragons
  A komodo dragon (shapeshifter) (D:14)
  2 ice devils (Lair:3)
  6 trolls
  A polar bear (shapeshifter) (D:15)
  3 polar bears
  17 blink frogs
  16 dream sheep
  A tarantella (Spider:1)
  Sigmund (D:6)
  2 culicivoras (Spider:1)
  15 slime creatures
  3 wyverns
  A vampire (D:10)
  2 shadows
  A centaur simulacrum (D:14)
  2 hogs (Lair:3)
  4 wraiths (Orc:2)
  Grum (D:6)
  30 yaks
  A spriggan (shapeshifter) (D:12)
  6 basilisks
  2 wargs
  3 steam dragons
  10 redbacks (Spider:1)
  A spectral cane toad (Lair:5)
  15 vampire mosquitoes
  2 acid dragons
  A nameless horror (D:15)
  14 water moccasins
  42 orc warriors
  2 ice beasts
  7 sky beasts
  A black bear (Lair:1)
  A crocodile (shapeshifter) (D:13)
  4 ogres
  17 wolves
  10 centaurs
  A phantom (D:7)
  2 kobold brigands
  15 bullfrogs
  4 gnoll sergeants
  3 scorpions
  14 wights
  11 killer bees
  4 electric eels
  8 howler monkeys
  8 crimson imps (D:9)
  4 gnoll boudas
  10 orc priests
  2 bombardier beetles (D:5)
  3 jellies
  12 hounds (D:6)
  2 iguanas
  17 orc wizards
  7 hell rats
  28 gnolls
  5 adders
  4 river rats (D:9)
  2 shadow imps
  5 white imps
  A ribbon worm (D:2)
  4 dart slugs
  75 orcs
  9 endoplasms
  3 giant cockroaches
  2 goblins (D:1)
  5 hobgoblins (D:1)
  2 jackals (D:6)
  3 quokkas
  6 ball pythons
  8 bats
  A frilled lizard (D:2)
  7 kobolds
  11 rats
738 creatures vanquished.

Vanquished Creatures (collateral kills)
  A sphinx (D:14)
  An ettin (D:14)
  An ice dragon (D:14)
  A radroach (Spider:1)
  A two-headed ogre (D:14)
  2 boulder beetles
  2 deep troll earth magi
  A tengu warrior (D:14)
  A demonic crawler (Spider:1)
  An orc knight (D:15)
  3 ugly things
  An efreet (D:15)
  2 tarantellas (Spider:1)
  A culicivora (Spider:1)
  3 slime creatures
  A wraith (D:14)
  A warg (D:15)
  A redback (Spider:1)
  An orc warrior (D:15)
26 creatures vanquished.

Vanquished Creatures (others)
  A goblin (D:9)
1 creature vanquished.

Grand Total: 765 creatures vanquished

Notes
Turn   | Place    | Note
-------+----------+-------------------------------------------
     0 | D:1      | Cilian the Human Ice Elementalist began the quest for the
                  | Orb.
     0 | D:1      | Reached XP level 1. HP: 13/13 MP: 3/3
   138 | D:1      | Reached XP level 2. HP: 15/19 MP: 1/5
   631 | D:1      | Reached XP level 3. HP: 25/25 MP: 3/6
  1030 | D:1      | Found Bierr's Armour Emporium.
  1032 | D:1      | Reached skill level 1 in Fighting
  1651 | D:2      | Learned a level 3 spell: Frozen Ramparts
  1735 | D:2      | Reached XP level 4. HP: 32/32 MP: 2/7
  2034 | D:3      | Found Torchuimo's Antique Armour Emporium.
  2188 | D:3      | Found a burning altar of Makhleb.
  2200 | D:3      | Found a snail-covered altar of Cheibriados.
  2205 | D:3      | Found an opulent altar of Gozag.
  2207 | D:3      | Found a broken altar of Ashenzari.
  2213 | D:3      | Found a shadowy altar of Dithmenos.
  2236 | D:3      | Became a worshipper of Cheibriados the Contemplative
  2490 | D:4      | Reached skill level 5 in Ice Magic
  2525 | D:4      | Learned a level 3 spell: Ozocubu's Armour
  2769 | D:4      | Found Zuaxturr's Antique Weapon Shoppe.
  2872 | D:4      | Reached XP level 5. HP: 37/38 MP: 6/9
  2926 | D:4      | Found a radiant altar of Vehumet.
  2927 | D:4      | Found a blossoming altar of Fedhas.
  3462 | D:5      | Entered Level 5 of the Dungeon
  3495 | D:5      | Noticed Blork the orc
  3752 | D:5      | Reached XP level 6. HP: 46/46 MP: 2/10
  4297 | D:5      | Reached skill level 6 in Ice Magic
  4526 | D:6      | Reached * piety under Cheibriados
  4719 | D:6      | Noticed a sky beast
  4723 | D:6      | Killed a sky beast
  4724 | D:6      | Reached XP level 7. HP: 41/51 MP: 3/12
  5533 | D:6      | Reached XP level 8. HP: 41/60 MP: 3/14
  5632 | D:6      | Found a staircase to the Ecumenical Temple.
  5674 | D:6      | Reached skill level 7 in Ice Magic
  5687 | D:6      | Reached ** piety under Cheibriados
  5951 | D:6      | Noticed Sigmund
  6725 | D:6      | Reached skill level 8 in Ice Magic
  6807 | D:6      | Found Buiwk's Book Boutique.
  6877 | D:6      | Reached skill level 5 in Spellcasting
  7013 | D:6      | Reached *** piety under Cheibriados
  7014 | D:6      | Reached XP level 9. HP: 61/66 MP: 11/16
  7060 | D:6      | Noticed Grum
  7063 | D:6      | Reached skill level 5 in Invocations
  7064 | D:6      | Reached skill level 1 in Conjurations
  7070 | D:6      | Killed Grum
  7213 | D:6      | Reached skill level 1 in Air Magic
  7401 | D:6      | Found a sacrificial altar of Ru.
  9357 | D:6      | Killed Sigmund
  9507 | D:8      | Noticed Maurice
  9733 | D:8      | Reached skill level 5 in Stealth
  9771 | D:8      | Reached skill level 1 in Polearms
  9771 | D:8      | Reached skill level 1 in Evocations
  9903 | D:8      | Killed Maurice
  9904 | D:8      | Reached XP level 10. HP: 40/73 MP: 9/17
  9913 | D:7      | Reached **** piety under Cheibriados
 10504 | D:8      | Noticed Maggie
 10560 | D:8      | Killed Maggie
 10561 | D:8      | Reached skill level 5 in Evocations
 10561 | D:8      | Reached skill level 5 in Fighting
 11686 | D:9      | Found a shimmering altar of Xom.
 12013 | D:9      | Reached ***** piety under Cheibriados
 12130 | D:9      | Found a staircase to the Lair.
 12130 | D:9      | Noticed a death yak
 12132 | D:9      | Noticed a death yak
 12135 | D:9      | Noticed a death yak
 12140 | D:9      | Killed a death yak
 12141 | D:9      | Reached skill level 9 in Ice Magic
 12147 | D:9      | Killed a death yak
 12148 | D:9      | Reached XP level 11. HP: 53/84 MP: 2/18
 12151 | D:9      | HP: 3/84 [death yak (19)]
 12152 | D:9      | Reached skill level 10 in Ice Magic
 12152 | D:9      | HP: 1/84 [death yak (2)]
 12156 | D:9      | Killed a death yak
 12383 | D:9      | Identified a scroll of acquirement
 12697 | D:9      | Learned a level 5 spell: Freezing Cloud
 12708 | D:10     | Entered Level 10 of the Dungeon
 13576 | D:10     | Reached skill level 5 in Conjurations
 13819 | Lair:1   | Entered Level 1 of the Lair of Beasts
 13865 | Lair:1   | Reached skill level 5 in Air Magic
 14123 | Lair:1   | Noticed a skyshark
 14338 | D:9      | Upgraded the game from 0.31.0 to 0.31.0-1-g2c135a008e
 14494 | D:9      | Killed a skyshark
 15035 | Lair:1   | Noticed a boulder beetle
 15045 | Lair:1   | Killed a boulder beetle
 15046 | Lair:1   | Reached skill level 11 in Ice Magic
 15512 | Lair:1   | Reached XP level 12. HP: 79/92 MP: 9/19
 15895 | Lair:1   | Identified the -1 helmet "Apnemohu" {Dex+2}
 16733 | Lair:2   | Found a hole to the Spider Nest.
 16742 | Lair:2   | Reached skill level 5 in Polearms
 16880 | Lair:2   | Noticed an eight-headed hydra
 17553 | Lair:2   | Reached ****** piety under Cheibriados
 17553 | Lair:2   | Noticed a five-headed hydra
 17559 | Lair:2   | Killed a five-headed hydra
 17561 | Lair:2   | HP: 3/95 [cloud of freezing vapour (48)]
 18375 | Lair:2   | Killed an eight-headed hydra
 18376 | Lair:2   | Reached skill level 12 in Ice Magic
 18439 | Lair:2   | Reached XP level 13. HP: 101/101 MP: 6/20
 18562 | Lair:2   | Found a sparkling altar of Nemelex Xobeh.
 18627 | Lair:2   | Noticed Erica
 18638 | Lair:2   | Killed Erica
 19654 | Lair:3   | Acquired 915 gold pieces
 19769 | Lair:3   | Reached skill level 13 in Ice Magic
 19821 | Lair:3   | Found a staircase to the Shoals.
 19944 | Lair:3   | Identified the +0 chain mail of Oblivion {Regen+ Int+3}
 21063 | Lair:3   | Reached skill level 14 in Ice Magic
 21482 | Lair:3   | Noticed Kirke
 21504 | Lair:3   | Killed Kirke
 22640 | Lair:3   | Found a staircase to the Shoals.
 23860 | Lair:4   | Reached XP level 14. HP: 108/108 MP: 7/21
 24362 | Lair:4   | Found a runed translucent door.
 24362 | Lair:4   | Found a viscous altar of Jiyva.
 24363 | Lair:4   | Noticed an azure jelly
 24365 | Lair:4   | Found a staircase to the Slime Pits.
 24617 | Lair:5   | Entered Level 5 of the Lair of Beasts
 24820 | Lair:5   | Reached skill level 15 in Ice Magic
 24845 | Lair:5   | Identified the ring of Free Expression {Ice rN+}
 25612 | Lair:5   | Reached skill level 10 in Fighting
 26342 | Lair:5   | Noticed a dire elephant
 26342 | Lair:5   | Noticed a dire elephant
 26343 | Lair:5   | Noticed a dire elephant
 26637 | Lair:5   | Killed a dire elephant
 27037 | Spider:1 | Entered Level 1 of the Spider Nest
 27041 | Spider:1 | Reached skill level 16 in Ice Magic
 27552 | D:3      | Bought a helmet for 130 gold pieces
 27988 | D:1      | Bought the orb of Generosity {light, rElec rF+ rC+ Stlth+}
                  | for 582 gold pieces
 28493 | D:11     | Noticed Snorg
 28500 | D:11     | Killed Snorg
 28733 | D:11     | Noticed Urug
 28739 | D:11     | Killed Urug
 29839 | D:12     | Reached XP level 15. HP: 116/117 MP: 17/22
 30028 | D:12     | Found a staircase to the Orcish Mines.
 30708 | Orc:1    | Entered Level 1 of the Orcish Mines
 31341 | Orc:2    | Entered Level 2 of the Orcish Mines
 31576 | Orc:2    | Learned a level 2 spell: Blink
 31591 | Orc:2    | Reached skill level 1 in Translocations
 32021 | Orc:2    | Upgraded the game from 0.31.0-1-g2c135a008e to
                  | 0.31.0-4-g52a2dc7128
 32338 | Orc:2    | Found a staircase to the Elven Halls.
 32400 | Orc:2    | Found a transporter.
 32415 | Orc:2    | Found a transporter.
 32419 | Orc:2    | Noticed TheWayOfAllFlesh's ghost (adept HOMo)
 32419 | Orc:2    | Found the +4 Cigotuvi's embrace {Corpsefed rMiasma ^Drain
                  | rN+}
 32716 | Orc:2    | Found Betis's Magic Scroll Shop.
 32716 | Orc:2    | Found Xuicrit's Distillery.
 32718 | Orc:2    | Found Orghesol's Magic Scroll Shoppe.
 32720 | Orc:2    | Found Loutavos's Weapon Boutique.
 32739 | Orc:2    | Bought a scroll of fear for 52 gold pieces
 32739 | Orc:2    | Bought a scroll of fear for 52 gold pieces
 32739 | Orc:2    | Bought a scroll of teleportation for 39 gold pieces
 32742 | Orc:2    | Bought a scroll of teleportation for 48 gold pieces
 32742 | Orc:2    | Bought a scroll of teleportation for 48 gold pieces
 32742 | Orc:2    | Bought a scroll of teleportation for 48 gold pieces
 32752 | Orc:2    | Bought a scroll of acquirement for 832 gold pieces
 32949 | Orc:2    | Noticed Josephine
 32954 | Orc:2    | Killed Josephine
 33385 | D:13     | Reached skill level 1 in Armour
 33734 | D:13     | Found a runed translucent door.
 33738 | D:13     | Noticed Ahonude's ghost (journeyman TrMo)
 33739 | D:13     | Identified the +6 trident of Lofoebb {freeze, rF+ rCorr}
 34852 | D:14     | Noticed a tengu reaver
 34859 | D:14     | Killed a tengu reaver
 34865 | D:14     | Noticed a sphinx
 35262 | D:13     | Reached skill level 10 in Polearms
 35673 | D:14     | Identified the ring of Sloth {Wiz rElec Int+4}
 35872 | D:14     | Reached XP level 16. HP: 20/127 MP: 21/23
 36038 | D:14     | Learned a level 4 spell: Summon Lightning Spire
 36200 | D:14     | Reached skill level 10 in Invocations
 36388 | D:14     | Found a gate to the Vaults.
 36597 | D:14     | Paralysed by a sphinx for 5 turns
 36609 | D:14     | Killed a sphinx
 36776 | D:14     | Identified the +2 dagger of Boarorocs {holy, rN+ Dex+4}
 37109 | D:14     | Acquired a book of Power
 37280 | D:15     | Entered Level 15 of the Dungeon
 37484 | D:15     | Got the Meditations on the Geodesic
 37497 | D:15     | Found an ancient bone altar of Kikubaaqudgha.
 37504 | D:15     | Learned a level 5 spell: Iskenderun's Battlesphere
 37607 | D:15     | Found a runed translucent gate.
 37607 | D:15     | Found a runed translucent gate.
 37607 | D:15     | Found a runed translucent gate.
 37609 | D:15     | Noticed Qishud's ghost (adept GrEE)
 37609 | D:15     | Noticed fly's ghost (journeyman KoDe)
 37609 | D:15     | Noticed Xiestris's ghost (journeyman DsGl)
 37662 | D:15     | Learned a level 1 spell: Magic Dart
 37952 | D:15     | Noticed a storm dragon
 37961 | D:15     | Killed a storm dragon
 37998 | D:15     | Found a staircase to the Depths.
 38792 | Spider:1 | Reached skill level 15 in Fighting
 39324 | Spider:1 | Reached XP level 17. HP: 142/142 MP: 20/25
 39392 | Spider:1 | HP: 6/142 [demonic crawler (4)]
 39392 | Spider:1 | HP: 1/142 [wolf spider (5)]
 39394 | Spider:1 | Slain by a demonic crawler

Illustrated notes

Levels and vault maps discovered:
D:1:      tarquinn_simple_flora_water_e, layout_basic, serial_shops,
          nicolae_lakefront_shop
D:2:      layout_rooms
D:3:      layout_rooms, nicolae_overflow_hallway_of_the_gods, serial_shops, shop
D:4:      layout_cave_pools, minitemple, serial_shops,
          nicolae_shop_back_alley_shop, minmay_misc_feat_five
D:5:      layout_basic, uniq_blork_the_orc
D:6:      wander_river, layout_cave_pools, mainiacjoe_overflow_alcove_4,
          temple_pool_b, serial_gnoll_camp, gnoll_camp_medium_02,
          gnoll_camp_mini_house, gnoll_camp_mini_loothouse, grums_kennel,
          gnoll_camp_huts_basic, nicolae_inconvenience_store, uniq_sigmund
D:7:      layout_basic
D:8:      layout_gridville, uniq_maurice, uniq_maggie
D:9:      layout_roguey, dk_xom_monty_hall, dpeg_lair_monsters, minmay_nine_imps
D:10:     layout_gridville
D:11:     layout_stronghold, minmay_orc_keep, uniq_snorg, uniq_urug
D:12:     layout_loops_ring, erik_orc_2, minmay_misc_feat_ornament,
          grunt_decor_one_mirror
D:13:     layout_stronghold, ebering_ghost_funeral_grove, grunt_ministairs_7
D:14:     nicolae_fronds_of_death, layout_basic, david_vaults_4, minivault_19
D:15:     hellmonk_depths_entry_around_the_bend, layout_gridville,
          nicolae_kikubaaqudgha_miasma_corner, gammafunk_ghost_cemetery
Lair:1:   layout_chaotic_city, grunt_forest_large_clearings
Lair:2:   layout_big_grid, nicolae_spider_entry_orb_guardian, basic_altar,
          nzn_random_ring, uniq_erica
Lair:3:   layout_concentric_octagons, shoals_dummy_entry,
          portal_ice_cave_demonic_guard, serial_bayou_shore_b, uniq_kirke
Lair:4:   layout_gridlike, slime_entry_2, infiniplex_staircase_pool
Lair:5:   due_jungle_book, layout_concentric_octagons
Spider:1: layout_spider_delve, hellmonk_motheaten_closet
Orc:1:    layout_diamond_mine, elves_outpost_lemuel
Orc:2:    st_orc_rangers, layout_caves, gammafunk_ghost_berserking_beasts,
          uniq_josephine

Skill      XL: |  1  2  3  4  5  6  7  8  9 10 11 12 13 14 15 16 |
---------------+-------------------------------------------------+-----
Fighting       | 1 2 3 4 7 8 9 10 12 15 | 15.6
Ice Magic      | 5 6 8 9 11 12 14 16 | 16.0
Spellcasting   | 3 4 5 |  5.0
Invocations    | 2 3 4 5 6 7 9 11 | 11.0
Conjurations   | 3 4 6 7 8 |  8.3
Air Magic      | 3 4 6 7 8 |  8.3
Stealth        | 5 |  5.0
Polearms       | 2 3 8 9 10 11 | 11.0
Evocations     | 3 5 |  5.0
Translocations | 3 |  3.0
Armour         | 4 |  4.0
Dodging        | |  2.0

Action                     |  1- 3 |  4- 6 |  7- 9 | 10-12 | 13-15 | 16-18 || total
---------------------------+-------+-------+-------+-------+-------+-------++-------
  Melee: Unarmed           |    14 |       |       |       |       |       ||    14
         Trident           |     4 |     2 |       |       |   254 |   149 ||   409
         Punch             |     1 |       |     1 |       |       |       ||     2
         Short sword       |       |       |    82 |       |       |       ||    82
         Halberd           |       |       |    28 |   220 |   203 |       ||   451
   Cast: Freeze            |    64 |    43 |    95 |    61 |    20 |     4 ||   287
         Frozen Ramparts   |     1 |    14 |    32 |    28 |    15 |       ||    90
         Ozocubu's Armour  |       |     5 |    37 |    54 |    64 |    10 ||   170
         Freezing Cloud    |       |       |       |    72 |   291 |    60 ||   423
         Summon Lightning  |       |       |       |       |       |    42 ||    42
         Magic Dart        |       |       |       |       |       |    14 ||    14
         Iskenderun's Batt |       |       |       |       |       |     6 ||     6
 Invoke: Temporal Distorti |       |       |       |     2 |     3 |       ||     5
         Slouch            |       |       |       |     1 |     5 |       ||     6
         Bend Time         |       |       |       |     2 |     4 |       ||     6
         Step From Time    |       |       |       |       |     1 |       ||     1
  Evoke: Wand              |       |       |    11 |     8 |       |     1 ||    20
    Use: Scroll            |     1 |     1 |     6 |     9 |    14 |     4 ||    35
         Potion            |     1 |       |     2 |     5 |     2 |     1 ||    11
   Stab: Distracted        |       |       |       |       |     1 |     9 ||    10
 Armour: Robe              |    20 |    17 |   123 |       |       |       ||   160
         Steam dragon scal |       |       |    41 |       |       |       ||    41
         Swamp dragon scal |       |       |    24 |   114 |       |       ||   138
         Acid dragon scale |       |       |       |   242 |   202 |       ||   444
         Chain mail        |       |       |       |       |   400 |   234 ||   634
  Dodge: Dodged            |    49 |    30 |   130 |   261 |   340 |    77 ||   887
